 Dungeon Crawl Stone Soup version 0.23-a0-78-gc252fe1 (webtiles) character file.

60 eccles the Skirmisher (level 3, -17/35 HPs)
             Began as a Minotaur Abyssal Knight on Aug 10, 2018.
             Was a Believer of Lugonu.
             Demolished by an ogre
             ... wielding a +0 giant club
              (22 damage)
             ... on level 2 of the Dungeon.
             The game lasted 00:06:59 (844 turns).

eccles the Skirmisher (Minotaur Abyssal Knight)      Turns: 844, Time: 00:07:00

Health: -17/35     AC:  7    Str: 17    XL:     3   Next: 80%
Magic:  3/3        EV:  7    Int: 11    God:    Lugonu [**....]
Gold:   129        SH:  0    Dex:  9    Spells: 2/2 levels left

rFire    + . .     SeeInvis .   a - +1 falchion
rCold    . . .     Gourm    .   (no shield)
rNeg     . . .     Faith    .   e - +1 chain mail
rPois    .         Spirit   .   (helmet restricted)
rElec    .         Reflect  .   (no cloak)
rCorr    .         Harm     .   f - +0 pair of gloves
MR       +....     Rnd*Rage +   (no boots)
Stlth    ..........             (no amulet)
HPRegen  0.11/turn              g - ring of protection from magic
MPRegen  0.08/turn              (no ring)

@: no status effects
A: retaliatory headbutt, horns 2, berserk 1, clever 1, deformed body, fire
resistance 1
a: Depart the Abyss, Bend Space, Renounce Religion


You were on level 2 of the Dungeon.
You worshipped Lugonu.
Lugonu was pleased with you.
You were not hungry.

You visited 1 branch of the dungeon, and saw 2 of its levels.
You visited the Abyss 1 time.

You collected 129 gold pieces.

Inventory:

Hand Weapons
 a - a +1 falchion (weapon)
Missiles
 i - 17 arrows
Armour
 b - a +0 leather armour
 e - a +1 chain mail (worn)
 f - a +0 pair of gloves (worn)
Jewellery
 g - a ring of protection from magic (left hand)
Scrolls
 h - 2 scrolls of identify
 k - a scroll of remove curse
Comestibles
 c - 4 rations
 d - 2 chunks of flesh


   Skills:
 * Level 4.8 Fighting
 * Level 3.4 Long Blades
 + Level 2.8 Armour
 + Level 1.2 Dodging
 + Level 1.9 Invocations


You had 2 spell levels left.
You didn't know any spells.
Your spell library was empty.

Dungeon Overview and Level Annotations

Branches:
Dungeon (2/15)

Altars:


Innate Abilities, Weirdness & Mutations

You reflexively headbutt those who attack you in melee.
You have a pair of horns on your head.
You tend to lose your temper in combat.
Your mind is acute. (Int +2)
Armour fits poorly on your strangely shaped body.
Your flesh is heat resistant. (rF+)


Message History

An ogre comes into view. It is wielding a giant club.
The ogre shouts!
Found 14 gold pieces.
The ogre barely misses you.
You riposte.
You barely miss the ogre. You hit the ogre.
The ogre is lightly wounded.
You recover from your berserk rage.
The ogre hits you with a giant club!!
Ouch! That really hurt!
You hit the ogre.
The ogre is moderately wounded.
You hit the ogre.
The ogre is heavily wounded.
The ogre hits you with a giant club!
* * * LOW HITPOINT WARNING * * *
You hit the ogre.
The ogre is heavily wounded.
The ogre hits you with a giant club!!
Ouch! That really hurt!
You die...

##...## # ......## # ####
.......### ##. ##... .........#
#.. ##..## .......#.# #.#
###..### .......# . #.# #...##
.......... #.# #######.###
.......#.... #O# #.......#
..............##@###.#######
#........#$........#.#
##...###.....!...#.#.############
. .... ........#..........##...
.................#......
......##.#.#.###...##### ..
.......................# ...#
...................###.. ...#
........................


You could see an ogre.

Vanquished Creatures
  An adder (D:2)
  An ooze (D:1)
  A worm (D:2)
  A dart slug (D:1)
  A giant cockroach (D:1)
  5 goblins (D:1)
  7 hobgoblins (D:1)
  3 jackals (D:1)
  A ball python (D:1)
  2 bats (D:1)
  2 frilled lizards (D:1)
  5 kobolds
  14 rats (D:1)
44 creatures vanquished.

Notes
Turn   | Place    | Note
-------+----------+-------------------------------------------
     0 | Abyss:1  | eccles the Minotaur Abyssal Knight began the quest for the Orb.
     0 | Abyss:1  | Reached XP level 1. HP: 19/19 MP: 1/1
    20 | D:1      | Escaped the Abyss
    39 | D:1      | Reached skill level 4 in Fighting
    46 | D:1      | Reached XP level 2. HP: 15/27 MP: 2/2
   246 | D:1      | Reached ** piety under Lugonu
   296 | D:1      | Reached XP level 3. HP: 34/34 MP: 3/3
   690 | D:2      | Gained mutation: You tend to lose your temper in combat. [potion of mutation]
   690 | D:2      | Gained mutation: Armour fits poorly on your strangely shaped body. [potion of mutation]
   690 | D:2      | Gained mutation: Your flesh is heat resistant. (rF+) [potion of mutation]
   690 | D:2      | Gained mutation: Your mind is acute. (Int +2) [potion of mutation]
   838 | D:2      | Noticed an ogre
   844 | D:2      | Demolished by an ogre

Vault maps used:
D:1:      erik_arrival_orb_chamber
Abyss:1:  evilmike_abyss_exit_5, minivault_27, minivault_5

Skill      XL: |  1  2  3 |
---------------+----------+-----
Fighting       | 4 |  4.8
Long Blades    | 3 |  3.4
Armour         | |  2.8
Dodging        | |  1.2
Invocations    | |  1.9

Action                   || total
-------------------------++-------
Melee: Falchion          ||    87
       Headbutt          ||    12
  Use: Scroll            ||     5
       Potion            ||     3
Armor: Leather armour    ||     3
       Chain mail        ||    45
Dodge: Dodged            ||    36
       Rpst.: Falchion   ||    15

Table legend:
 A = Non-vault XP
 B = Vault XP
 C = Vault XP percentage of total XP
 D = Non-vault monster count
 E = Vault monster count
 F = Vault count percentage of total count
 G = Total turns spent on level
                 A         B        C        D         E       F
            +---------+---------+-------+---------+---------+-------
      Total |      74 |      12 |  14.0 |      32 |      12 |  27.3
            +---------+---------+-------+---------+---------+-------
        D:1 |      54 |      12 |  18.2 |      29 |      12 |  29.3
        D:2 |      20 |       0 |   0.0 |       3 |       0 |   0.0
            +---------+---------+-------+---------+---------+-------
